 Dungeon Crawl Stone Soup version 0.21.1-1-g345015fe64 (webtiles) character file.

910 Ikesh the Caller (level 8, 0/57 HPs)
             Began as a Barachi Summoner on Mar 4, 2018.
             Was an Initiate of Vehumet.
             Slain by an orc warrior
             ... wielding a +0 dire flail
              (17 damage)
             ... on level 6 of the Dungeon.
             The game lasted 00:53:35 (6371 turns).

Ikesh the Caller (Barachi Summoner)                 Turns: 6371, Time: 00:53:36

Health: 0/57       AC:  8    Str:  9    XL:     8   Next: 8%
Magic:  3/13       EV: 13    Int: 16    God:    Vehumet [......]
Gold:   389        SH:  0    Dex: 15    Spells: 7/14 levels left

rFire    . . .     SeeInvis .   m - +1 short sword (venom)
rCold    . . .     Gourm    .   (no shield)
rNeg     . . .     Faith    .   s - +0 leather armour {rPois}
rPois    +         Spirit   .   (no helmet)
rElec    .         Reflect  .   (no cloak)
rCorr    .         Harm     .   i - +2 pair of gloves
MR       .....                  v - +1 pair of boots {Fly}
Stlth    ++........             (no amulet)
HPRegen  0.19/turn              (no ring)
MPRegen  0.13/turn              (no ring)

@: flying, very slightly contaminated, slow
A: +LOS, swims, slowness 1, strong legs 1
a: Hop, Renounce Religion, Stop Flying


You were on level 6 of the Dungeon.
You worshipped Vehumet.
Vehumet was noncommittal.
You were not hungry.

You visited 2 branches of the dungeon, and saw 8 of its levels.

You collected 389 gold pieces.

Inventory:

Hand Weapons
 e - a +0 spear
 g - a +0 rapier of venom
 m - a +1 short sword of venom (weapon)
 o - a +2 dagger of freezing
 p - a +2 quarterstaff of protection
Missiles
 h - a throwing net (quivered)
Armour
 a - a +0 robe
 i - a +2 pair of gloves (worn)
 s - a +0 leather armour of poison resistance (worn)
 v - a +1 pair of boots of flying (worn)
 w - a cursed -1 robe
Wands
 k - a wand of digging (23)
Scrolls
 f - a scroll of teleportation
 y - 5 scrolls of identify
 C - a scroll of fog
Potions
 d - a potion of cancellation
 n - a potion of ambrosia
 t - a potion of heal wounds
 z - a potion of agility
 A - a potion of might
 B - 2 potions of lignification {unknown}
Books
 b - a book of Callings

   Spells                             Type                      Level
   a - Summon Small Mammal            Summoning                    1
   b - Call Imp                       Summoning                    2
   c - Call Canine Familiar           Summoning                    3
   d - Summon Guardian Golem          Hexes/Summoning              3
   e - Summon Lightning Spire         Summoning/Air                4
   f - Summon Ice Beast               Ice/Summoning                4
 x - a book of Conjurations

   Spells                             Type                      Level
   a - Magic Dart                     Conjuration                  1
   b - Searing Ray                    Conjuration                  2
   c - Dazzling Spray                 Conjuration/Hexes            3
   d - Fulminant Prism                Conjuration/Hexes            4
   e - Force Lance                    Conjuration/Translocation    4
   f - Iskenderun's Mystic Blast      Conjuration                  4
Comestibles
 c - 4 rations


   Skills:
 + Level 2.9 Fighting
 + Level 2.5 Short Blades
 - Level 0.2 Polearms
 + Level 2.8 Armour
 + Level 3.8 Dodging
 + Level 3.2 Stealth
 + Level 3.7 Spellcasting
 + Level 2.4 Hexes
 + Level 7.1 Summonings
 + Level 2.3 Evocations


You had 7 spell levels left.
You knew the following spells:

 Your Spells              Type           Power        Failure   Level  Hunger
a - Summon Small Mammal   Summ           ####         1%          1    None
b - Call Canine Familiar  Summ           ####....     3%          3    ###....
c - Summon Guardian Gole  Hex/Summ       ###.....     10%         3    ###....


Dungeon Overview and Level Annotations

Branches:
Dungeon (7/15)             Temple (1/1) D:5

Altars:
Ashenzari
Cheibriados
Dithmenos
Elyvilon
Fedhas
Gozag
Hepliaklqana
Kikubaaqudgha
Makhleb
Nemelex Xobeh
Okawaru
Ru
Sif Muna
Trog
Vehumet
Wu Jian
Xom
Zin
The Shining One

Shops:
D:6 =

Annotations:
D:5 Pikel
D:6 deszczowiec's ghost, novice DrIE


Innate Abilities, Weirdness & Mutations

Shadows flee at your approach. (+LOS)
You can swim through water.
You cover ground slowly.
You can hop short distances.


Message History

A giant cockroach comes into view.
The orc warrior hits your hound with a dire flail!!
Your hound dies!
Your hound's corpse disappears in a puff of smoke!
The giant cockroach waves its antennae.
An orc warrior opens the door.
The worker ant bites you.
* * * LOW HITPOINT WARNING * * *
Found an escape hatch in the floor.
The giant cockroach bites you but does no damage.
Blink to where?
Press: ? - help, Dir - move target cursor You are very lightly contaminated with residual magic.
As you read the scroll of blinking, it crumbles to dust.
Casting: Call Canine Familiar
Confirm with . or Enter, or press ? or * to list all spells.
You hit the orc warrior.
The orc warrior is almost dead.
The adder skeleton barely misses your quokka.
The orc warrior hits you with a dire flail!
You die...

#####............
#................
#................
#...⌠.⌠..........
#...%∩.####'#>...
#...as⌠).#<.#
#.(.o'..))..#
#....#..##..#
#.@o.#..##..#
#....#...#....
#...r....+......
#####Z####+###..#
#.......a##+#
#.........
#.........
#........Z
#.........


You could see an orc warrior, a worker ant, an orc, a giant cockroach, an adder
skeleton and a friendly quokka.

Vanquished Creatures
  Grinder (D:5)
  An orc warrior (D:3)
  An ogre (D:5)
  A slave (D:5)
  A bullfrog (D:6)
  A killer bee (D:5)
  A crimson imp (D:7)
  2 orc wizards
  Ijyb (D:5)
  A worker ant (D:4)
  3 adders
  An adder skeleton (D:4)
  A worm (D:2)
  A dart slug (D:1)
  A leopard gecko (D:2)
  9 orcs
  4 bats
  2 giant cockroaches (D:1)
  3 goblins
  6 hobgoblins
  11 kobolds
  A quokka (D:5)
  A frilled lizard (D:1)
  A quokka skeleton (D:4)
  2 rats
58 creatures vanquished.

Vanquished Creatures (collateral kills)
  2 ogres
  A necrophage (D:6)
  2 howler monkeys (D:5)
  A bullfrog zombie (D:5)
  A bullfrog skeleton (D:7)
  A hound (D:7)
  An orc priest (D:3)
  3 orc wizards (D:3)
  An iguana (D:4)
  A hound skeleton (D:4)
  A worker ant zombie (D:5)
  3 adders
  An ooze (D:1)
  A dart slug (D:1)
  2 leopard geckos
  7 orcs
  A giant cockroach (D:3)
  3 goblins
  10 hobgoblins
  5 bats
  2 frilled lizards
  5 kobolds
  3 rats
58 creatures vanquished.

Grand Total: 116 creatures vanquished

Notes
Turn   | Place    | Note
-------+----------+-------------------------------------------
     0 | D:1      | Ikesh the Barachi Summoner began the quest for the Orb.
     0 | D:1      | Reached XP level 1. HP: 13/13 MP: 3/3
    16 | D:1      | Reached skill level 5 in Summonings
    66 | D:1      | Reached XP level 2. HP: 18/19 MP: 3/5
   813 | D:1      | Reached XP level 3. HP: 25/25 MP: 2/6
  1358 | D:2      | Found a shattered altar of Ashenzari.
  1437 | D:2      | Reached skill level 6 in Summonings
  1472 | D:2      | Learned a level 3 spell: Call Canine Familiar
  1604 | D:2      | Reached XP level 4. HP: 31/31 MP: 4/7
  1905 | D:2      | Found an opulent altar of Gozag.
  2198 | D:3      | Learned a level 3 spell: Summon Guardian Golem
  2983 | D:3      | Reached XP level 5. HP: 36/36 MP: 7/9
  3054 | D:3      | Noticed an orc warrior
  3073 | D:3      | Reached skill level 1 in Fighting
  3081 | D:3      | Killed an orc warrior
  3081 | D:3      | Reached skill level 1 in Short Blades
  3081 | D:3      | Reached skill level 1 in Armour
  3081 | D:3      | Reached skill level 1 in Hexes
  3145 | D:3      | Reached XP level 6. HP: 28/43 MP: 1/10
  3348 | D:3      | Reached skill level 1 in Evocations
  3754 | D:4      | Found a bloodstained altar of Trog.
  4572 | D:5      | Entered Level 5 of the Dungeon
  4649 | D:5      | Reached XP level 7. HP: 50/50 MP: 0/11
  4792 | D:5      | Found a staircase to the Ecumenical Temple.
  4809 | Temple   | Entered the Ecumenical Temple
  4853 | Temple   | Became a worshipper of Vehumet
  4878 | D:5      | Noticed Grinder
  4907 | D:5      | Paralysed by Grinder for 3 turns
  5083 | D:6      | Found a sparkling altar of Nemelex Xobeh.
  5084 | D:6      | Found an ancient bone altar of Kikubaaqudgha.
  5156 | D:6      | Noticed deszczowiec's ghost (novice DrIE)
  5748 | D:5      | Found a burning altar of Makhleb.
  5758 | D:5      | Noticed Ijyb
  5777 | D:5      | Killed Ijyb
  5990 | D:5      | Paralysed by Grinder for 4 turns
  5996 | D:5      | Noticed Pikel
  6130 | D:5      | Paralysed by Grinder for 6 turns
  6137 | D:5      | Killed Grinder
  6137 | D:5      | Reached skill level 7 in Summonings
  6137 | D:5      | Reached XP level 8. HP: 35/57 MP: 7/13
  6326 | D:6      | Found Ceutiuj's Jewellery Shoppe.
  6371 | D:6      | Slain by an orc warrior

Skill      XL: |  1  2  3  4  5  6  7 |
---------------+----------------------+-----
Summonings     | 5 6 7 |  7.1
Stealth        | 2 3 |  3.2
Fighting       | 1 2 |  2.9
Short Blades   | 1 2 |  2.5
Armour         | 1 2 |  2.8
Spellcasting   | 3 |  3.7
Hexes          | 1 2 |  2.4
Evocations     | 1 2 |  2.3
Dodging        | 3 |  3.8
Polearms       | |  0.2

Action                   |  1- 3 |  4- 6 |  7- 9 || total
-------------------------+-------+-------+-------++-------
Melee: Unarmed           |    14 |       |       ||    14
       Spear             |    40 |       |       ||    40
       Short sword       |    35 |    86 |    61 ||   182
       Rapier            |       |    11 |       ||    11
 Cast: Summon Small Mamm |    54 |    39 |    26 ||   119
       Call Canine Famil |     1 |    40 |    37 ||    78
  Use: Scroll            |       |     6 |     8 ||    14
       Potion            |       |     4 |       ||     4
 Stab: Sleeping          |     3 |     2 |       ||     5
       Distracted        |       |     2 |     2 ||     4
  Eat: Chunk             |     4 |     9 |     3 ||    16
       Ration            |       |     2 |     2 ||     4
Armor: Robe              |    28 |       |       ||    28
       Leather armour    |     5 |    43 |    26 ||    74
Dodge: Dodged            |    60 |    64 |    64 ||   188
